 BcadrenCrawl: Boulder Brew version 0.05.21-81-gd28e3044bd (webtiles) character file.

Game seed: 11483246176144267933, levelgen mode: deterministic

433 theanonym the Twirler (level 6, -5/42 HPs) Oozomorph Noble. Began on Sept 5, 2021. Slain by a crocodile (16 damage) ... on level 1 of the Dungeon on Sept 6, 2021. The game lasted 00:07:46 (3293 turns).

theanonym the Twirler (Oozomorph Noble)             Turns: 3293, Time: 00:07:47

Health: -5/42      AC: 13    Str: 19    XL:     6 ^: 114
Magic:  9/9        EV: -1    Int: 10    God:
Gold:   101        SH:  0    Dex: 10    Spells: 10/10 levels left

rFire    + . .     Vision   .   c - +0 morningstar
rCold    + . .     Gourm    .   (no weapon)
rNeg     . . .     Faith    .   b - +0 gold dragon scales
rCorr    + + +     Spirit   .   (no armour)
rPois    +         Reflect  .   (no armour)
rElec    .         Harm     .   (no armour)
MR       .....                  (no armour)
Stlth    ++........             (no armour)
HPRegen  0.24/turn              (nothing subsumed)
MPRegen  0.19/turn              (no amulet)
                                (no ring)
                                (no ring)

@: no status effects
A: cytoplasmic subsumption, amorphous body, gelatinous body 1
a: Subsume Item


Innate Abilities, Weirdness & Mutations

You may subsume any weapon, armour, or jewellery into your cytoplasm to benefit from its magical properties.
Your body is completely amorphous, allowing you to wear any combination of armour.
You have seven amorphous slots; replacing the normal gear slots.
Body armours and bardings take two slots, all other armours take one.
Your gelatinous form is immune to acid, constriction and sticky flames. (rCorr+, Slime)


   Skills:
 + Level 3.2 Fighting
 * Level 3.8 Maces & Staves
 + Level 2.2 Armour
 + Level 3.7 Stealth
 + Level 2.6 Spellcasting


You had 10 spell levels left.
You didn't know any spells.
Your spell library was empty.

Skill      XL: |  1  2  3  4  5  6 |
---------------+-------------------+-----
Maces & Staves | 1 2 3 |  3.8
Stealth        | 2 3 |  3.7
Armour         | 1 2 |  2.2
Fighting       | 2 3 |  3.2
Spellcasting   | 2 |  2.6

Action                   |  1- 3 |  4- 6 || total
-------------------------+-------+-------++-------
Melee: Morningstar       |   108 |   286 ||   394
       Unarmed           |    84 |   251 ||   335
  Use: Potion            |       |     2 ||     2
       Scroll            |       |     1 ||     1
 Stab: Sleeping          |     1 |     1 ||     2
  Eat: Chunk             |     1 |     5 ||     6
       Ration            |       |     1 ||     1
Armor: Skin              |   156 |   497 ||   653
Dodge: Dodged            |       |     2 ||     2

Inventory:

Weapons
 c - a +0 morningstar (weapon)
Armour
 b - +0 gold dragon scales (worn)
Jewellery
 a - a cursed ring of ice {(Curse: *Drain), rC++ rF-}
Scrolls
 y - a scroll of magic mapping
Comestibles
 d - a chunk of flesh
 e - 2 rations


You were on level 1 of the Dungeon.
You were not hungry.

You visited 1 branch of the dungeon, and saw 2 of its levels.
You also visited: Market.

You collected 61 gold pieces.
You spent 960 gold pieces at shops.

Dungeon Overview and Level Annotations

Branches:
Dungeon (2/8)

Altars:

###### #.#..........#
####### #.#.#......###
#.....###..........# ####
#.....#.....≈≈≈....####...
#.....#.####≈>≈....##.....
#.....#.....≈≈≈....##.....
###.........#......##.....
#......t..#......##.....
#......@..#.##...##.....
#.........#t##..........
#.........#.##..........
#.........+.##.....)....
#.........####..........
##.#......# #..........
#.######## ###........ #.#
#........ #.# #........


You could see a crocodile.

Notes
Turn   | Place    | Note
-------+----------+-------------------------------------------
     0 | Start Ma | theanonym the Oozomorph Noble began the quest for the Orb.
     0 | Start Ma | Reached XP level 1. HP: 13/13 MP: 2/2
     0 | Start Ma | Found Timnig's Expert Tomes.
     8 | Start Ma | Found Ynaulesm's Auxillary Armour.
     9 | Start Ma | Bought +0 gold dragon scales for 800 gold pieces
    16 | Start Ma | Found Horaluc's Mashing MeleeMart.
    25 | Start Ma | Bought a +0 morningstar for 160 gold pieces
    41 | D:1      | theanonym set off with the following items: +0 gold dragon
                  | scales, a +0 morningstar, a ration
    86 | D:1      | HP: 6/13 [goblin (2)]
    99 | D:1      | HP: 5/13 [goblin/+0 club (3)]
   104 | D:1      | HP: 3/13 [goblin/+0 club (1)]
   290 | D:1      | Reached XP level 2. HP: 12/18 MP: 3/3
   292 | D:1      | Reached skill level 1 in Maces & Staves
   292 | D:1      | HP: 9/18 [hobgoblin/+0 club (3)]
   589 | D:1      | Reached XP level 3. HP: 20/23 MP: 5/5
   662 | D:1      | Reached skill level 2 in Stealth
   882 | D:1      | Reached skill level 2 in Maces & Staves
   882 | D:1      | Reached skill level 1 in Armour
  1079 | D:1      | Reached skill level 2 in Fighting
  1079 | D:1      | Reached XP level 4. HP: 17/29 MP: 6/6
  1079 | D:1      | HP: 14/29 [sewer rat (1)]
  1081 | D:1      | HP: 6/29 [ooze (5)]
  1081 | D:1      | HP: 2/29 [sewer rat (4)]
  1089 | D:1      | HP: 14/29 [ooze (5)]
  1094 | D:1      | HP: 10/29 [ooze (3)]
  1113 | D:1      | HP: 7/29 [sewer rat (1)]
  1292 | D:1      | HP: 14/29 [giant cockroach (2)]
  1299 | D:1      | HP: 14/29 [sewer rat (2)]
  1304 | D:1      | HP: 12/29 [sewer rat (2)]
  1309 | D:1      | HP: 3/29 [sewer rat (4)]
  1509 | D:1      | Reached XP level 5. HP: 33/35 MP: 7/7
  1557 | D:1      | Reached skill level 2 in Spellcasting
  2136 | D:1      | Reached skill level 3 in Stealth
  2158 | D:1      | Reached skill level 3 in Maces & Staves
  2296 | D:1      | HP: 17/35 [ooze (3)]
  2414 | D:1      | Reached XP level 6. HP: 35/41 MP: 9/9
  2500 | D:2      | Reached skill level 2 in Armour
  2514 | D:2      | HP: 20/41 [sewer rat (3)]
  2664 | D:2      | HP: 13/41 [crocodile (15)]
  2666 | D:1      | HP: 3/41 [crocodile (11)]
  2908 | D:1      | Reached skill level 3 in Fighting
  2953 | D:2      | HP: 20/42 [sewer rat (4)]
  3097 | D:1      | HP: 20/42 [adder (4)]
  3103 | D:1      | HP: 17/42 [poisoned by an adder]
  3114 | D:1      | HP: 17/42 [adder (1)]
  3119 | D:1      | HP: 9/42 [poisoned by an adder]
  3126 | D:1      | HP: 6/42 [poisoned by an adder]
  3290 | D:1      | HP: 20/42 [crocodile (7)]
  3293 | D:1      | Slain by a crocodile

Vanquished Creatures
  8 giant cockroaches
  3 adders (D:1)
  20 sewer rats
  2 cinder newts (D:1)
  11 oozes
  2 leopard geckos (D:1)
  3 hobgoblins (D:1)
  4 kobolds (D:1)
  3 bats (D:1)
  7 goblins (D:1)
  6 rats (D:1)
69 creatures vanquished.

Vanquished Creatures (others)
  A giant blowfly (D:2)
  4 slimeheads (D:2)
  76 withered plants (D:2)
81 creatures vanquished.

Grand Total: 150 creatures vanquished

Table legend:
 A = Turns spent in this place as a percentage of turns spent in the entire game.
 B = Non-inter-level travel turns spent in this place as a percentage of non-inter-level travel turns spent in the entire game.
 C = Inter-level travel turns spent in this place as a percentage of turns spent in this place.
 D = Turns resting spent in this place as a percentage of non-inter-level travel turns spent in this place.
 E = Turns spent auto-exploring this place as a percentage of non-inter-level travel turns spent in this place.
 F = Non-inter-level travel turns spent in this place divided by the number of levels of this place that you've seen.
                   A       B       C       D       E      F
               +-------+-------+-------+-------+-------+----------------------
         Total | 100.0 | 100.0 |  10.0 |  34.4 |  37.3 | 987.7
       Dungeon |  98.8 |  98.6 |  10.1 |  34.9 |  37.8 | 1461.0
        Market |   1.2 |   1.4 |   0.0 |   0.0 |   0.0 |  41.0
               +-------+-------+-------+-------+-------+----------------------
